 Dungeon Crawl Stone Soup version 0.30-a0-630-g881e3bac89 (webtiles) character file.

Game seed: 14251223868540185872

322 Bnni the Cutter (level 6, -8/33 HPs)
             Began as a Vine Stalker Brigand on Jan 13, 2023.
             Mangled by Pikel
             ... wielding a +1 whip of freezing
              (11 damage)
             ... on level 4 of the Dungeon.
             The game lasted 00:03:30 (2630 turns).

Bnni the Cutter (Vine Stalker Brigand)              Turns: 2630, Time: 00:03:31

Health: -8/33      AC: 11    Str: 16    XL:     6   Next: 47%
Magic:  0/7        EV:  4    Int: 11    God:
Gold:   100        SH:  0    Dex: 15    Spells: 5/5 levels left

rFire   . . .      SeeInvis .    i - +2 dagger (venom)
rCold   + . .      Faith    .    (no shield)
rNeg    . . .      Spirit   +    n - +0 plate armour
rPois   .          Reflect  .    (no helmet)
rElec   .          Harm     .    c - +0 cloak
rCorr   .          Rampage  .    (no gloves)
Will    .....                    (no boots) Stlth
                                 (no amulet)
HPRegen 1.05/turn                o - ring of protection from cold
MPRegen 0.10/turn                (no ring)

@: no status effects
A: fangs 2, regeneration 1, magic shield, antimagic bite, no potion heal 2
a: no special abilities


You were on level 4 of the Dungeon.
You visited 1 branch of the dungeon, and saw 4 of its levels.

You collected 100 gold pieces.

Inventory:

Hand Weapons
 i - a +2 dagger of venom (weapon)
Missiles
 d - 14 poisoned darts (quivered)
 e - 3 curare-tipped darts
Armour
 c - a +0 cloak (worn)
 n - a +0 plate armour (worn)
Jewellery
 o - a ring of protection from cold (left hand)
Scrolls
 f - a scroll of vulnerability {unknown}
 j - 5 scrolls of identify {unknown}
 k - a scroll of fear {unknown}
 q - 2 scrolls of magic mapping {unknown}
 r - a scroll of butterflies {unknown}
Potions
 a - a potion of mutation {unknown}
 b - a potion of curing {unknown}
 g - a potion of haste {unknown}
 h - a potion of might {unknown}
 l - 3 potions of lignification {unknown}
 m - 2 potions of flight {unknown}
 p - a potion of resistance {unknown}


   Skills:
 + Level 3.6 Fighting
 * Level 5.1 Short Blades
 - Level 1.7 Throwing
 - Level 0.7 Dodging
 - Level 4.8 Stealth


You had 5 spell levels left.
You didn't know any spells.
Your spell library contained the following spells:

 Spells                   Type           Power      Damage    Failure   Level
 Beastly Appendage        Tmut           0%         N/A       100%        1
 Wereblood                Tmut           0%         N/A       100%        2
 Gell's Gravitas          Tloc           0%         N/A       100%        3
 Lesser Beckoning         Tloc           0%         N/A       100%        3
 Spider Form              Tmut/Pois      0%         N/A       100%        3
 Teleport Other           Tloc           0%         N/A       100%        3


Dungeon Overview and Level Annotations

Branches:
Dungeon (4/15)
 Temple: D:4-7

Altars:

Shops:
D:2 (

Annotations:
D:4 Pikel


Innate Abilities, Weirdness & Mutations

You have extremely sharp teeth.
Your natural rate of healing is unusually fast.
When hurt, damage is shared between your health and your magic reserves.
Your bite disrupts and absorbs the magic of your enemies.
Potions cannot restore your health.


Message History

The phantom hits you.
The phantom blinks!
You blink.
You barely miss the phantom.
The phantom is severely damaged.
The phantom barely misses you.
You hit Pikel.
Pikel looks as sick as possible!
Pikel is lightly wounded.
You barely miss Pikel.
Pikel is lightly wounded.
The lemure hits you but does no damage. The phantom barely misses you.
Pikel hits you with a +1 whip of freezing.
You barely miss Pikel. You bite Pikel. You drain his power.
You feel invigorated.
Pikel is moderately wounded.
The lemure hits you but does no damage. The phantom hits you.
The lemure hits you but does no damage.
Pikel hits you with a +1 whip of freezing.
You hit Pikel.
Pikel looks as sick as possible!
Pikel is heavily wounded.
The lemure hits you but does no damage. The phantom barely misses you.
The lemure hits you. Pikel completely misses you.
You barely miss Pikel. You bite Pikel, but do no damage.
Pikel is severely wounded.
The lemure barely misses you.
The phantom hits you but does no damage.
The lemure hits you but does no damage.
Pikel hits you with a +1 whip of freezing.
The lemure hits you.
* * * LOW HITPOINT WARNING * * *
Okay, then.
Okay, then.
You hit the phantom. Your bite misses the phantom.
The phantom is almost destroyed.
You completely miss Pikel. Your bite misses Pikel.
Pikel is severely wounded.
The lemure hits you!
* * * LOW HITPOINT WARNING * * *
The lemure hits you but does no damage.
The phantom hits you but does no damage.
Pikel hits you with a +1 whip of freezing!
You die...

.......#.....##...##
......[#.....##....#
.......#......+....#
)......#......#....#
....(..#......#....#
.......#...####...## ##
.##############...#########...
.'...............5............
.#.............5@5S...........
.#.............5KW............
.#...##.......................
.#...# ......................
.#...# ##################+##
.+...# <#...# .# ..


You could see Pikel (extremely poisoned), 4 lemures, a phantom and an adder.

Vanquished Creatures
  An ogre (D:4)
  A hound (D:4)
  Natasha (thrice) (D:4)
  6 adders
  3 worms
  A dart slug (D:3)
  2 orcs (D:3)
  4 ball pythons
  4 endoplasms
  7 goblins
  7 hobgoblins
  3 jackals (D:1)
  A quokka (D:2)
  4 bats
  4 frilled lizards
  9 kobolds
  6 rats
66 creatures vanquished.

Notes
Turn   | Place    | Note
-------+----------+-------------------------------------------
     0 | D:1      | Bnni the Vine Stalker Brigand began the quest for the Orb.
     0 | D:1      | Reached XP level 1. HP: 11/11 MP: 2/2
   304 | D:1      | Reached skill level 2 in Short Blades
   367 | D:1      | Found a faded altar of an unknown god.
   450 | D:1      | Reached XP level 2. HP: 15/15 MP: 3/3
   762 | D:2      | Found Tatozon's Weapon Boutique.
   776 | D:2      | Reached XP level 3. HP: 18/18 MP: 4/4
   915 | D:2      | Reached skill level 3 in Short Blades
  1054 | D:2      | Gained mutation: Your natural rate of healing is unusually
                  | fast. [Vine Stalker growth]
  1054 | D:2      | Reached XP level 4. HP: 15/23 MP: 5/5
  2399 | D:4      | Noticed Natasha
  2403 | D:4      | Reached skill level 4 in Short Blades
  2403 | D:4      | Reached XP level 5. HP: 28/28 MP: 6/6
  2409 | D:4      | Killed Natasha
  2493 | D:4      | Noticed an ogre
  2514 | D:4      | Killed an ogre
  2515 | D:4      | Reached XP level 6. HP: 25/32 MP: 4/7
  2531 | D:4      | Noticed Natasha
  2542 | D:4      | Killed Natasha
  2543 | D:4      | Reached skill level 5 in Short Blades
  2568 | D:4      | Noticed Natasha
  2574 | D:4      | Killed Natasha
  2600 | D:4      | Noticed Pikel
  2630 | D:4      | Mangled by Pikel

Illustrated notes

Levels and vault maps discovered:
D:1:      dpeg_arrival_long_road, layout_basic,
          shapermc_ecumenical_altar_notcrosses
D:2:      layout_loops_cross, serial_shops, nicolae_shop_bloodbath_and_beyond
D:3:      layout_basic
D:4:      layout_gridville, elyvilon_altar_5, grunt_ministairs_9, uniq_natasha,
          uniq_pikel, uniq_ijyb

Skill      XL: |  1  2  3  4  5  6 |
---------------+-------------------+-----
Short Blades   | 2 3 4 5 |  5.1
Fighting       | 2 3 |  3.6
Throwing       | |  1.7
Dodging        | |  0.7
Stealth        | |  4.8

Action                   |  1- 3 |  4- 6 || total
-------------------------+-------+-------++-------
Melee: Dagger            |    83 |   133 ||   216
       Bite              |    19 |    39 ||    58
       Punch             |       |     3 ||     3
Throw: Dart              |       |     1 ||     1
 Stab: Sleeping          |     3 |       ||     3
       Distracted        |     1 |       ||     1
Armor: Ring mail         |    12 |       ||    12
       Leather armour    |     1 |       ||     1
       Plate armour      |    37 |   101 ||   138
Dodge: Dodged            |    21 |    38 ||    59

Table legend: (Time is in decaauts)
 A = Elapsed time spent in this place.
 B = Non-inter-level travel time spent in this place.
 C = Inter-level travel time spent in this place.
 D = Time resting spent in this place.
 E = Time spent auto-exploring this place.
 F = Levels seen in this place.
 G = Mean time per level.
                   A        B        C        D        E       F      G
               +--------+--------+--------+--------+--------+-----+--------+
         Total |   2590 |   2467 |    123 |      0 |   1952 |   4 |  647.5 |
       Dungeon |   2590 |   2467 |    123 |      0 |   1952 |   4 |  647.5 |
               +--------+--------+--------+--------+--------+-----+--------+

Top non-repeatable levels by time:
     D:3: 911 daAuts
     D:2: 744 daAuts
     D:1: 697 daAuts
     D:4: 236 daAuts
